Map: Dusk Towers

Players

PiLiPiLi - Winner!

  • Race: Protoss Protoss
  • League: Grandmaster

puCK (Nina)

  • Race: Protoss Protoss
  • League: Grandmaster

VOD

Have the link to the VOD?

Description

Time

  • Played on: May 22, 2016, 1:06 a.m.
  • Length: 12:26
Show
View Real Time Build Order
Export as new Build Order

PiLiPiLi Protoss - Winner!

Build Orders: Phoenix Opening 

Get SALT Encoding   

  12  0:01  Probe (Chrono Boost)  
  13  0:11  Probe (Chrono Boost)  
  14  0:18  Pylon  
  14  0:22  Probe (Chrono Boost)  
  15  0:36  Probe (Chrono Boost), Gateway  
  16  0:42  Assimilator  
  16  0:46  Probe (Chrono Boost)  
  17  0:52  Assimilator  
  18  0:57  Probe (Chrono Boost)  
  18  1:07  Probe (Chrono Boost)  
  19  1:18  Probe (Chrono Boost)  
  20  1:24  Cybernetics Core  
  20  1:28  Probe (Chrono Boost)  
  20  1:31  Pylon  
  21  1:39  Probe (Chrono Boost)  
  22  1:50  Probe (Chrono Boost)  
  23  2:00  Probe (Chrono Boost), Stalker (Chrono Boost)  
  26  2:01  Warp Gate (Chrono Boost)  
  26  2:12  Mothership Core, Pylon  
  28  2:24  Stargate  
  28  2:33  Probe  
  29  2:45  Probe  
  29  2:57  Probe  
  30  2:58  Nexus  
  30  3:09  Pylon  
  30  3:14  Phoenix (Chrono Boost)  
  31  3:27  Probe, Stargate  
  31  3:28  Assimilator  
  32  3:36  Phoenix (Chrono Boost)  
  32  3:39  Probe  
  35  3:52  Probe  
  36  3:58  Phoenix (Chrono Boost)  
  38  4:04  Probe  
  38  4:08  Probe  
  39  4:13  Phoenix (Chrono Boost)  
  39  4:16  Probe  
  43  4:19  Probe  
  44  4:27  Phoenix (Chrono Boost)  
  44  4:28  Probe  
  44  4:29  Probe  
  48  4:35  Assimilator, Sentry  
  50  4:40  Probe x2  
  54  4:45  Phoenix (Chrono Boost)  
  54  4:50  Pylon  
  54  4:54  Pylon  
  54  5:07  Probe, Pylon  
  54  5:08  Probe, Phoenix (Chrono Boost)  
  58  5:17  Phoenix (Chrono Boost)  
  58  5:19  Probe  
  58  5:20  Probe  
  62  5:23  Pylon  
  62  5:31  Probe  
  62  5:32  Probe, Phoenix (Chrono Boost)  
  66  5:39  Phoenix (Chrono Boost)  
  66  5:42  Pylon  
  68  5:43  Probe  
  68  5:45  Probe  
  70  5:56  Probe  
  71  5:58  Phoenix (Chrono Boost)  
  71  6:03  Fleet Beacon  
  73  6:05  Probe  
  73  6:09  Probe  
  75  6:13  Pylon  
  75  6:16  Phoenix (Chrono Boost)  
  75  6:17  Probe  
  79  6:29  Phoenix (Chrono Boost)  
  80  6:36  Nexus  
  80  6:40  Phoenix (Chrono Boost)  
  80  6:55  Graviton Catapult (Chrono Boost)  
  80  6:56  Phoenix  
  80  6:57  Probe  
  80  6:59  Probe  
  80  7:00  Phoenix  
  84  7:04  Pylon  
  86  7:15  Probe  
  87  7:18  Probe, Forge  
  87  7:21  Phoenix x2  
  87  7:22  Robotics Facility  
  90  7:31  Probe  
  90  7:33  Probe  
  90  7:35  Pylon  
  92  7:41  Stalker  
  92  7:44  Probe  
  95  7:45  Probe  
  95  7:47  Twilight Council  
  95  7:49  Protoss Ground Weapons Level 1 (Chrono Boost)  
  96  7:52  Probe  
  96  7:55  Photon Cannon  
  97  8:11  Immortal (Chrono Boost)  
  95  8:16  Robotics Facility  
  99  8:24  Void Ray (Chrono Boost)  
  103  8:28  Zealot  
  103  8:29  Assimilator  
  103  8:32  Gateway  
  103  8:33  Assimilator  
  105  8:35  Gateway  
  105  8:37  Void Ray (Chrono Boost)  
  109  8:45  Immortal (Chrono Boost)  
  109  8:54  Pylon  
  113  8:59  Charge  
  113  9:10  Immortal (Chrono Boost)  
  113  9:15  Gateway  
  113  9:16  Photon Cannon  
  117  9:17  Gateway  
  117  9:18  Gateway, Void Ray  
  117  9:19  Photon Cannon  
  117  9:23  Immortal (Chrono Boost)  
  125  9:31  Pylon  
  123  9:47  Immortal (Chrono Boost)  
  123  9:52  Zealot x3  
  129  9:53  Immortal (Chrono Boost)  
  129  9:56  Gateway  
  129  9:58  Protoss Ground Weapons Level 2 (Chrono Boost), Gateway  
  133  10:09  Pylon  
  133  10:12  Pylon  
  133  10:15  Templar Archives  
  133  10:18  Zealot  
  133  10:20  Immortal  
  137  10:28  Warp Prism  
  137  10:29  Zealot x4  
  147  10:41  Pylon  
  147  10:44  Pylon  
  147  10:55  Zealot x5  
  157  10:57  Observer  
  157  10:59  Immortal  
  157  11:00  Pylon  
  158  11:09  Zealot x3  
  168  11:31  High Templar x2  
  168  11:32  High Templar x4  
  180  11:35  Pylon  
  180  11:37  Archon x3, Pylon  
  180  11:38  Zealot  
  169  12:03  Zealot  
  169  12:04  Zealot x3  
  169  12:05  Zealot x2  
  169  12:06  Zealot x2  
Show
View Real Time Build Order
Export as new Build Order

puCK Protoss 

Build Orders: Phoenix Opening 

Get SALT Encoding   

  12  0:00  Probe (Chrono Boost)  
  13  0:11  Probe (Chrono Boost)  
  14  0:16  Pylon  
  14  0:22  Probe (Chrono Boost)  
  15  0:35  Probe (Chrono Boost)  
  16  0:36  Gateway  
  16  0:41  Assimilator  
  16  0:45  Probe (Chrono Boost)  
  17  0:53  Assimilator  
  17  0:56  Probe (Chrono Boost)  
  18  1:05  Gateway  
  18  1:08  Probe (Chrono Boost)  
  20  1:18  Probe (Chrono Boost)  
  20  1:24  Cybernetics Core  
  20  1:29  Probe (Chrono Boost)  
  21  1:39  Probe (Chrono Boost)  
  22  1:42  Pylon  
  22  1:45  Pylon  
  22  1:50  Probe (Chrono Boost)  
  24  2:01  Probe (Chrono Boost)  
  24  2:02  Stalker  
  24  2:05  Warp Gate (Chrono Boost)  
  26  2:13  Stalker  
  28  2:17  Probe  
  29  2:31  Stargate  
  30  3:01  Nexus  
  30  3:04  Pylon  
  30  3:07  Probe  
  29  3:14  Phoenix (Chrono Boost)  
  31  3:22  Probe  
  32  3:35  Mothership Core  
  32  3:36  Phoenix (Chrono Boost)  
  36  3:42  Pylon  
  36  3:54  Assimilator  
  36  3:56  Probe  
  36  3:58  Assimilator, Phoenix (Chrono Boost)  
  39  4:08  Probe  
  38  4:11  Stargate  
  38  4:14  Probe  
  39  4:20  Probe  
  40  4:25  Probe  
  43  4:31  Phoenix (Chrono Boost)  
  43  4:32  Probe  
  43  4:35  Probe  
  45  4:44  Probe  
  46  4:46  Probe  
  47  4:52  Phoenix (Chrono Boost)  
  47  4:56  Phoenix (Chrono Boost)  
  47  4:57  Probe (Chrono Boost)  
  47  4:59  Probe (Chrono Boost)  
  53  5:08  Probe (Chrono Boost)  
  53  5:10  Probe (Chrono Boost)  
  55  5:16  Phoenix  
  55  5:19  Probe (Chrono Boost)  
  55  5:20  Pylon  
  55  5:21  Probe (Chrono Boost)  
  62  5:30  Probe (Chrono Boost)  
  62  5:31  Robotics Facility  
  62  5:32  Probe (Chrono Boost)  
  61  5:37  Pylon  
  61  5:41  Probe (Chrono Boost)  
  62  5:43  Phoenix (Chrono Boost)  
  62  5:45  Probe (Chrono Boost)  
  65  5:50  Phoenix (Chrono Boost)  
  65  5:52  Probe  
  68  5:59  Probe  
  69  6:06  Phoenix (Chrono Boost)  
  71  6:13  Nexus  
  71  6:18  Pylon  
  71  6:22  Pylon  
  71  6:30  Fleet Beacon  
  71  6:36  Probe x2, Observer  
  74  6:44  Gateway  
  74  6:45  Twilight Council  
  74  6:48  Probe x2  
  74  6:49  Gateway  
  76  6:54  Stalker x2  
  76  6:58  Gateway  
  76  7:00  Probe (Chrono Boost)  
  82  7:02  Probe (Chrono Boost)  
  82  7:10  Gateway  
  81  7:19  Pylon  
  81  7:27  Blink (Chrono Boost)  
  81  7:28  Templar Archives  
  81  7:32  Stalker x2  
  81  7:33  Probe (Chrono Boost)  
  86  7:39  Probe  
  86  7:41  Probe  
  86  7:42  Observer  
  89  7:49  Gateway  
  89  7:50  Gateway  
  89  7:52  Stalker  
  89  7:53  Stalker x2  
  89  7:55  Probe x2  
  97  8:00  Stalker x2  
  101  8:20  High Templar x3  
  101  8:21  High Templar  
  101  8:24  Archon x2  
  109  8:30  Pylon  
  109  8:31  Pylon  
  109  8:35  Forge  
  109  8:40  Pylon  
  109  8:47  Probe  
  109  8:48  Probe x2  
  109  8:51  Assimilator x2  
  109  8:53  High Templar x2  
  116  8:57  Probe  
  116  9:00  Probe x2  
  116  9:02  Archon  
  119  9:08  Probe  
  116  9:13  Probe x2  
  118  9:19  Stalker  
  118  9:20  Stalker x5  
  118  9:24  Protoss Ground Weapons Level 1 (Chrono Boost)  
  131  9:25  Probe, Photon Cannon  
  131  9:26  Photon Cannon  
  129  9:45  Stalker x2  
  124  9:46  Stalker x2  
  124  9:52  Photon Cannon  
  120  9:54  Photon Cannon  
  120  9:57  Immortal (Chrono Boost)  
  124  10:03  Charge (Chrono Boost)  
  124  10:04  Zealot  
  124  10:05  Zealot x3  
  132  10:08  Robotics Facility  
  132  10:10  Pylon  
  132  10:13  Photon Cannon  
  132  10:19  Photon Cannon  
  132  10:28  Probe  
  131  10:29  High Templar x2  
  131  10:30  Nexus  
  131  10:33  Archon  
  135  10:37  Immortal  
  135  10:38  Pylon  
  135  10:41  Pylon  
  139  10:46  Zealot  
  141  10:51  Pylon  
  141  10:52  Pylon  
  141  10:58  High Templar x2  
  141  10:59  Zealot x3  
  141  11:01  Mothership Core  
  141  11:02  Archon  
  153  11:07  Photon Cannon  
  153  11:11  Zealot x3, Pylon  
  159  11:13  Immortal  
  159  11:18  Probe x2  
  163  11:23  Probe  
  152  11:33  High Templar x2  
  152  11:37  Archon  
  152  11:38  Zealot x4  
  152  11:39  Probe  
  165  11:46  High Templar x2  
  168  11:47  Probe  
  168  11:48  Probe  
  168  11:52  Archon  
  170  11:59  Probe  
  155  12:02  Stalker x3  
  129  12:10  Zealot x2  
  129  12:11  Zealot  
  109  12:21  Zealot x2  
Tags
 
Add a new tag
Caveats
  • Supply blocks, unpowered buildings, or Contaminate may cause inaccurate times.
  • Supply counts are checked every 10 seconds.